 Dungeon Crawl Stone Soup version 0.31-a0-963-ga325b2283a (webtiles) character file.

Game seed: 13655420015820378159

538845 Ahpoh the Hoplite (level 25, 0/212 HPs)
             Began as a Barachi Fighter on Oct 24, 2023.
             Was the Champion of Cheibriados.
             Killed by divine providence
             ... invoked by a living spell
             ... summoned by a walking divine tome
              (11 damage)
             ... on level 3 of the Depths on Oct 25, 2023.
             The game lasted 04:19:03 (60384 turns).

Ahpoh the Hoplite (Barachi Fighter)                Turns: 60384, Time: 04:19:03

Health: 0/212      AC: 39    Str: 37    XL:     25   Next: 91%
Magic:  25/29      EV: 38    Int: 30    God:    Cheibriados [******]
Gold:   8610       SH: 38    Dex: 50    Spells: 24/24 levels left

rFire   . . .        T - +9 demon blade (flame)
rCold   + + +        B - +3 tower shield {rC+}
rNeg    + . .        y - +7 plate armour "Folatw Amad" {rPois rN+ Int+4}
rPois   +            S - +1 helmet
rElec   .            W - +1 cloak of Reasonable Freedom {Str+3}
rCorr   .            i - +1 pair of gloves {Dex+3}
SInv    +            p - +3 pair of mountain boots {steadfast, rC+}
Will    ++...        x - amulet of faith Stlth
                     H - ring "Omaw" {Dex+6 SInv}
HPRegen 0.55/turn    V - +6 ring of dexterity
MPRegen 0.21/turn

%: faith
@: unable to hop, studying Staves, very slow
A: amphibious, slowness 1, strong legs 2, +LOS, talons 1, cold resistance 1, low
MP 1, strong-willed 1, inability to read after injury 1
}: 3/15 runes: decaying, silver, gossamer
a: Hop, Renounce Religion, Bend Time, Temporal Distortion, Slouch, Step From
Time


You were on level 3 of the Depths.
You worshipped Cheibriados.
Cheibriados was exalted by your worship.
You visited 11 branches of the dungeon, and saw 46 of its levels.
You also visited: Bailey and Ice Cave.

You collected 9148 gold pieces.
You spent 538 gold pieces at shops.

Inventory:

Hand Weapons
 T - a +9 demon blade of flaming (weapon)
 X - the +27 heavy crossbow "Sniper" {heavy, Acc+∞ SInv}
   (You took it off a yaktaur captain on level 5 of the Vaults)

   Acc+∞: It never misses its target.
   SInv:      It lets you see invisible.
Missiles
 K - 7 javelins (quivered)
Armour
 i - a +1 pair of gloves of dexterity (worn)
 p - the +3 pair of mountain boots (worn) {steadfast, rC+}
   (You acquired it on level 5 of the Dungeon)

   Steadfast: It prevents involuntary movement, except for blinking,
   teleportation, or banishment.
   rC+:       It protects you from cold.
 s - +3 fire dragon scales {Xtahua}
 y - the +7 plate armour "Folatw Amad" (worn) {rPois rN+ Int+4}
   (You found it in a bailey)

   Int+4:     It affects your intelligence (+4).
   rPois:     It protects you from poison rN+: It protects you from negative
   energy.
 B - a +3 tower shield of cold resistance (worn)
 S - a +1 helmet (worn)
 W - the +1 cloak of Reasonable Freedom (worn) {Str+3}
   (You acquired it on level 3 of the Lair of Beasts)

   Str+3:     It affects your strength (+3).
Jewellery
 d - a ring of protection from cold
 q - a ring of positive energy
 x - an amulet of faith (around neck)
 C - a ring of poison resistance
 H - the ring "Omaw" (left hand) {Dex+6 SInv}
   (You bought it in a shop on level 2 of the Orcish Mines)

   [ring of see invisible]

   Dex+6:     It affects your dexterity (+6).
   SInv:      It lets you see invisible.
 P - a ring of resist corrosion
 V - a +6 ring of dexterity (right hand)
 Y - the ring "Vizxep" {Wiz rPois rN++ Dex+3}
   (You found it on level 5 of the Vaults)

   [ring of wizardry]

   Wiz:       It improves your spell success rate.
   Dex+3:     It affects your dexterity (+3).
   rPois:     It protects you from poison rN++: It greatly protects you from
   negative energy.
Talismans
 w - a talisman of death
Wands
 b - a wand of charming (27)
 k - a wand of polymorph (29)
 v - a wand of mindburst (9)
 D - a wand of quicksilver (52)
 E - a wand of digging (23)
 G - a wand of flame (69)
 M - a wand of iceblast (60)
Scrolls
 g - 5 scrolls of silence
 h - a scroll of blinking
 j - 18 scrolls of revelation
 l - 7 scrolls of immolation
 m - 11 scrolls of poison
 n - 2 scrolls of enchant weapon
 o - 2 scrolls of summoning
 r - 9 scrolls of noise
 t - 7 scrolls of teleportation
 F - 25 scrolls of identify
 J - 2 scrolls of enchant armour
 L - 7 scrolls of fear
 R - 6 scrolls of fog
Potions
 c - 5 potions of enlightenment
 e - a potion of brilliance
 u - 4 potions of invisibility
 z - 8 potions of cancellation
 A - 5 potions of attraction
 I - 3 potions of magic
 N - 3 potions of mutation
 O - 5 potions of resistance
 Q - 14 potions of curing
 U - 3 potions of ambrosia
 Z - 5 potions of might
Miscellaneous
 a - a condenser vane
 f - a lightning rod (4/4)


   Skills:
 * Level 20.4 Fighting
 * Level 21.6 Long Blades
 - Level 0.3 Maces & Flails
 * Level 12.1 Throwing
 * Level 18.9 Armour
 * Level 18.2 Dodging
 - Level 0.2 Stealth
 * Level 26.7 Shields
 - Level 0.7 Summonings
 - Level 0.6 Air Magic
 * Level 13.1 Invocations
 - Level 2.1 Evocations
 * Level 12.6 Shapeshifting


You had 24 spell levels left.
You didn't know any spells.
Your spell library contained the following spells:

 Spells                   Type           Power      Damage    Failure   Level
 Shock                    Conj/Air       4%         1d3       28%         1
 Foxfire                  Conj/Fire      0%         2x1d4     32%         1
 Freeze                   Ice            0%         1d3       32%         1
 Kiss of Death            Conj/Necr      0%         2d5       32%         1
 Magic Dart               Conj           0%         1d3       32%         1
 Sandblast                Erth           0%         2d4       32%         1
 Call Imp                 Summ           8%         N/A       34%         2
 Cigotuvi's Dreadful Rot  Necr/Pois/Air  2%         N/A       41%         2
 Poisonous Vapours        Pois/Air       2%         N/A       41%         2
 Static Discharge         Conj/Air       2%         3-4/arc   41%         2
 Blink                    Tloc           0%         N/A       43%         2
 Lesser Beckoning         Tloc           0%         N/A       43%         2
 Passwall                 Tmut/Erth      0%         N/A       43%         2
 Scorch                   Fire           0%         2d5       43%         2
 Searing Ray              Conj           0%         2d4       43%         2
 Wereblood                Tmut           0%         N/A       43%         2
 Call Canine Familiar     Summ           4%         N/A       56%         3
 Summon Guardian Golem    Hex/Summ       2%         N/A       63%         3
 Mephitic Cloud           Conj/Pois/Air  1%         N/A       65%         3
 Confusing Touch          Hex            0%         N/A       67%         3
 Dazzling Flash           Conj/Hex       0%         N/A       67%         3
 Frozen Ramparts          Ice            0%         1d1       67%         3
 Gell's Gravitas          Tloc           0%         N/A       67%         3
 Hailstorm                Conj/Ice       0%         3d3       67%         3
 Inner Flame              Hex/Fire       0%         N/A       67%         3
 Stone Arrow              Conj/Erth      0%         3d7       67%         3
 Teleport Other           Tloc           0%         N/A       67%         3
 Tukima's Dance           Hex            0%         N/A       67%         3
 Airstrike                Air            1%         2d(1-17)  94%         4
 Summon Lightning Spire   Summ/Air       4%         N/A       94%         4
 Animate Armour           Summ/Erth      4%         N/A       95%         4
 Summon Ice Beast         Ice/Summ       2%         N/A       95%         4
 Vhi's Electric Charge    Tloc/Air       2%         N/A       96%         4
 Anguish                  Hex/Necr       0%         N/A       97%         4
 Brom's Barrelling Bould  Conj/Erth      0%         2d3       97%         4
 Cause Fear               Hex            0%         N/A       97%         4
 Dispel Undead            Necr           0%         3d6       97%         4
 Flame Wave               Conj/Fire      0%         2d4       97%         4
 Fulminant Prism          Conj/Hex       0%         3d5       97%         4
 Passage of Golubria      Tloc           0%         N/A       97%         4
 Sticky Flame             Conj/Fire      0%         2d3       97%         4
 Agony                    Necr           0%         N/A       100%        5
 Arcjolt                  Conj/Air       0%         1d10      100%        5
 Fireball                 Conj/Fire      0%         3d3       100%        5
 Freezing Cloud           Conj/Ice/Air   0%         6-21      100%        5
 Iskenderun's Battlesphe  Conj           0%         2d6       100%        5
 Lee's Rapid Deconstruct  Erth           0%         3d4*      100%        5
 Silence                  Hex/Air        0%         N/A       100%        5
 Summon Mana Viper        Hex/Summ       2%         N/A       100%        5
 Yara's Violent Unravell  Hex/Tmut       0%         3d3       100%        5
 Conjure Ball Lightning   Conj/Air       0%         3x3d6     100%        6
 Dispersal                Tloc           0%         N/A       100%        6
 Plasma Beam              Fire/Air       0%         2x1d10    100%        6
 Simulacrum               Ice/Necr       0%         N/A       100%        6
 Starburst                Conj/Fire      0%         6d3       100%        6
 Summon Cactus Giant      Summ           2%         N/A       100%        6
 Enfeeble                 Hex            0%         N/A       100%        7
 Haunt                    Necr/Summ      1%         N/A       100%        7
 Malign Gateway           Summ/Tloc      1%         N/A       100%        7
 Monstrous Menagerie      Summ           2%         N/A       100%        7
 Orb of Destruction       Conj           0%         9d5       100%        7
 Spellforged Servitor     Conj/Summ      1%         N/A       100%        7
 Borgnjor's Revivificati  Necr           0%         N/A       100%        8
 Maxwell's Capacitive Co  Air            1%         ∞         100%        8
 Summon Horrible Things   Summ           2%         N/A       100%        8
 Death's Door             Necr           0%         N/A       100%        9
 Fire Storm               Conj/Fire      0%         5d1       100%        9


Dungeon Overview and Level Annotations

Branches:
Dungeon (15/15)            Temple (1/1) D:4            Lair (5/5) D:8
  Swamp (4/4) Lair:2       Spider (4/4) Lair:2        Slime (0/5) Lair:5
    Orc (2/2) D:11            Elf (3/3) Orc:2        Vaults (5/5) D:14
  Crypt (3/3) Vaults:3       Tomb (1/3) Crypt:3      Depths (3/4) D:15
 Bailey (visited)           IceCv (visited)

Altars:
Ashenzari
Cheibriados
Dithmenos
Elyvilon
Fedhas
Gozag
Hepliaklqana
Kikubaaqudgha
Makhleb
Nemelex Xobeh
Okawaru
Qazlal
Ru
Sif Muna
Trog
Uskayaw
Vehumet
Wu Jian
Xom
Yredelemnul
Zin
The Shining One
Lugonu

Shops:
D:1 [   Orc:2 [=?*[   Elf:1 [   Vaults:3 [   Depths:1 :

Portals:
Hell: Depths:1 Depths:2
Abyss: Depths:1 Depths:2
Pandemonium: Depths:2
Ziggurat: Depths:3

Annotations:
D:6 3 runed translucent doors, arthad's ghost, novice GrEE
D:14 Roxanne


Innate Abilities, Weirdness & Mutations

You are amphibious.
You cover ground slowly.
You can hop long distances.
You have an extended range of vision and can be seen from far away.
You have sharp toenails.
Your flesh is cold resistant. (rC+)
Your magical capacity is low. (-10% MP)
You are strong-willed. (Will+)
You occasionally lose the ability to read scrolls when taking damage.


Message History

You slice the catoblepas!! You burn the catoblepas.
You kill the catoblepas!
Cheibriados appreciates the change of pace.
The walking divine tome erupts in a flurry of living spells!
You barely miss the spriggan berserker.
You block the spriggan berserker's attack.
You slash the spriggan berserker! You burn the spriggan berserker.
The spriggan berserker is moderately wounded.
The walking divine tome erupts in a flurry of living spells!
The living spell casts itself at you. Something smites you!
The living spell casts itself at you. Something smites you!
The living spell casts itself at you. Something smites you!
Activating: Slouch (1% risk of failure)
Press: ? - help, Dir - look around, f - activate Look: a fire giant, wielding a +1 great sword of flaming You can feel time thicken for a moment.
You destroy the living spell!
You kill the spriggan berserker!
Cheibriados appreciates the change of pace.
You destroy the living spell! x2
The sphinx casts a spell.
Something smites you!
* * * LOW HITPOINT WARNING * * *
Okay, then.
Hop to where?
Press: ? - help, Dir - move target, p - fire giant Boing!
The walking divine tome erupts in a flurry of living spells!
The fire giant casts a spell at you.
The fireball explodes!
The fireball engulfs you!!
* * * LOW HITPOINT WARNING * * *
There is a stone staircase leading down here.
The fire giant casts a spell at you.
The fireball explodes!
The fireball engulfs you!!
* * * LOW HITPOINT WARNING * * *
The living spell casts itself at you. Something smites you!
You die...

#.........### ..# .
#.........## #.#
..######.......#####..#
..............)......#
...............).....#
.................)..##
..........[.....[).*#
........)[[<...†)(.##
.........†)..@...C)#
................*;#HC..HC..
.........(........#).......
...~.............##...##.##
..~≈~....>.......# ...#
.~≈≈≈~..........## #...
~≈≈∩≈≈~..##.#...# ...#
.~≈≈≈~...##.##.## #...
.~≈~...# #.#..# ...#


You could see a frost giant, a walking divine tome, a fire giant, a sphinx and 2
living smiting commandments.

Vanquished Creatures
  A dread lich (Vaults:4)
  An ancient lich (Vaults:5)
  Saint Roka (Depths:2)
  Xtahua (Vaults:4)
  3 golden dragons (Vaults:5)
  Arachne (Spider:3)
  The ghost of arthad the Warrior, an adept MiFi of Makhleb (Spider:4)
  2 tentacled monstrosities
  Asterion (Depths:1)
  An Ice Fiend (IceCv)
  2 liches (Crypt:3)
  A shard shrike skeleton (Crypt:3)
  3 deep elf master archers
  2 deep elf blademasters (Elf:3)
  4 titans
  2 quicksilver dragons
  Frances (Swamp:2)
  4 ancient champions
  14 sphinxes
  4 shadow dragons
  Agnes (Spider:3)
  4 storm dragons
  Aizul (Swamp:1)
  Kirke (D:14)
  5 tengu reavers
  5 revenants
  Donald (Vaults:1)
  6 iron dragons
  6 deep elf sorcerers
  23 vault wardens
  11 frost giants
  7 fire giants
  A caustic shrike zombie (Crypt:1)
  7 deep elf elementalists
  8 ghost moths
  2 emperor scorpions (Spider:4)
  5 ghouls
  A curse skull (Crypt:3)
  4 orc warlords
  31 ironbound preservers
  2 spriggan defenders (Depths:3)
  A formless jellyfish (Vaults:3)
  A reaper (Crypt:2)
  Louise (Spider:1)
  11 stone giants
  13 very ugly things
  A juggernaut skeleton (Crypt:1)
  The ghost of wireframewife the Tainter, a journeyman BaIE of Sif Muna (Lair:5)
  5 war gargoyles
  A broodmother (Spider:2)
  5 ironbound thunderhulks
  4 vampire knights
  7 deep elf demonologists
  2 bennus (Tomb:1)
  11 deep elf annihilators
  A minotaur (shapeshifter) (Depths:2)
  A dire elephant (shapeshifter) (Depths:2)
  4 eleionomae
  15 dire elephants
  4 bunyips
  6 spark wasps
  3 lorocyprocas (Depths:2)
  5 crystal guardians
  A bunyip (shapeshifter) (Vaults:3)
  6 eidola
  6 ettins
  7 deep elf death magi
  5 entropy weavers
  An entropy weaver (shapeshifter) (Elf:3)
  A merfolk javelineer (Depths:1)
  4 deep elf high priests
  3 fire dragons
  7 mummy priests
  A shambling mangrove (Swamp:4)
  Josephine (D:14)
  8 great orbs of eyes
  24 yaktaur captains
  A spriggan zombie (Crypt:2)
  2 spectral spriggans (Crypt:3)
  4 jiangshi
  A catoblepas (shapeshifter) (Depths:3)
  3 peacekeepers
  43 vault guards
  3 ghost crabs
  An ogre mage (Vaults:5)
  2 juggernaut simulacra (Depths:2)
  A spectral shadow dragon (Crypt:3)
  A rakshasa (D:15)
  A salamander tyrant (Depths:2)
  3 spriggan air magi
  15 hydras
  8 alligators
  An Orb Guardian zombie (Crypt:1)
  3 radroaches
  An anaconda (shapeshifter) (Vaults:5)
  An anaconda (Lair:5)
  3 jorogumos
  An alligator snapping turtle (shapeshifter) (Vaults:4)
  2 death knights (Crypt:2)
  4 two-headed ogres
  10 boulder beetles
  11 centaur warriors
  5 deep troll earth magi
  A deep troll shaman (Depths:3)
  11 ironbound frosthearts
  8 death yaks (Lair:5)
  8 death scarabs (Spider:4)
  4 orc high priests
  2 vampire magi
  29 dancing weapons
  A titan zombie (Tomb:1)
  A two-headed ogre (shapeshifter) (Vaults:4)
  5 tengu warriors
  Urug (D:13)
  A spriggan berserker (Depths:3)
  An occultist (D:15)
  6 demonic crawlers
  6 hell knights
  A fire crab (Lair:5)
  3 soul eaters (Crypt:1)
  2 spectral dire elephants (Crypt:3)
  A storm dragon zombie (Vaults:4)
  19 deep elf knights
  Nergalle (Lair:3)
  12 shadow wraiths
  6 skysharks
  13 skeletal warriors
  10 pharaoh ants
  79 deep trolls
  7 orb spiders
  2 sun moths (Spider:4)
  6 goliath frogs
  An iron troll (Depths:3)
  10 swamp dragons (Swamp:4)
  A death drake (shapeshifter) (Vaults:5)
  3 flayed ghosts
  6 spriggan simulacra (IceCv)
  6 bog bodies
  6 spriggan druids
  A glowing orange brain (Vaults:4)
  An obsidian statue (IceCv)
  An arcanist (Vaults:4)
  A fire giant zombie (Vaults:1)
  24 orc knights
  12 deep elf archers
  A mana viper (shapeshifter) (Depths:2)
  6 harpies
  3 spectral wolf spiders (Spider:4)
  33 deep elf zephyrmancers
  20 ironbound convokers
  13 lindwurms
  A harpy (shapeshifter) (Elf:3)
  A shadow dragon skeleton (Crypt:2)
  30 phantasmal warriors
  3 ugly things
  A broodmother zombie (Spider:4)
  21 wolf spiders
  6 necromancers
  5 steelbarb worms (Spider:4)
  2 human zombies
  A goliath frog skeleton (Crypt:1)
  27 deep elf pyromancers
  7 cyclopes
  A shining eye (shapeshifter) (Depths:2)
  7 will-o-the-wisps
  An oklob plant (Lair:5)
  5 orc sorcerers
  10 elephants
  7 moths of wrath
  2 manticores
  A manticore (shapeshifter) (Vaults:5)
  25 vault sentinels
  An iron dragon skeleton (Crypt:1)
  A centaur zombie (Crypt:1)
  A spectral centaur (Crypt:3)
  A titan simulacrum (Crypt:1)
  4 black mambas
  4 torpor snails
  An ice statue (Elf:2)
  A frost giant skeleton (Crypt:1)
  12 cane toads
  9 gargoyles
  A minotaur zombie (Tomb:1)
  A sea snake zombie (Crypt:3)
  A catoblepas zombie (Crypt:3)
  37 yaktaurs
  An unseen horror (D:12)
  A rime drake (shapeshifter) (Vaults:5)
  4 anaconda simulacra (IceCv)
  2 spectral redbacks (Spider:4)
  12 komodo dragons
  2 efreet (D:15)
  2 kobold demonologists (D:12)
  6 rime drakes
  18 guardian mummies
  A red draconian zombie (Crypt:2)
  An unseen horror zombie (Crypt:2)
  A redback zombie (Spider:4)
  13 ice devils (IceCv)
  A white draconian skeleton (Crypt:3)
  6 freezing wraiths
  12 polar bears
  A great orb of eyes zombie (Crypt:1)
  5 tengu conjurers
  3 meliai (D:15)
  3 golden dragon simulacra
  A harpy zombie (Crypt:3)
  A queen bee (shapeshifter) (Vaults:5)
  5 trolls
  A bloated husk (Swamp:3)
  A troll (shapeshifter) (D:15)
  A spectral harpy (Crypt:3)
  A queen bee (D:14)
  5 spectral jumping spiders (Spider:4)
  A spectral tarantella (Spider:4)
  10 hornets
  2 spectral culicivoras (Spider:4)
  18 tyrant leeches
  6 saltlings (Orc:2)
  Grinder (D:4)
  12 blink frogs
  2 dream sheep (Lair:5)
  A snapping turtle (shapeshifter) (D:15)
  27 tarantellas
  2 tarantella zombies (Spider:4)
  An ettin zombie (Crypt:2)
  2 alligator simulacra (IceCv)
  A culicivora zombie (Spider:4)
  4 human skeletons
  2 dream sheep (shapeshifter)
  3 jumping spider zombies (Spider:4)
  4 raiju (Lair:5)
  24 jumping spiders
  15 culicivoras
  A fire giant simulacrum (Vaults:1)
  A centaur simulacrum (Crypt:1)
  A vampire (D:14)
  5 water elementals
  4 air elementals (Elf:1)
  25 flying skulls
  10 shadows
  2 ushabtiu (Tomb:1)
  5 spriggans
  A culicivora (shapeshifter) (Vaults:5)
  A fire elemental (Elf:3)
  33 slime creatures
  An ettin skeleton (Tomb:1)
  48 yaks
  An ice dragon skeleton (Crypt:3)
  4 hogs (D:14)
  3 wyverns
  21 wraiths
  2 basilisks (Lair:5)
  A fire bat (shapeshifter) (Vaults:5)
  A wind drake skeleton (Crypt:3)
  21 vampire mosquitoes
  2 steam dragons
  5 minotaur simulacra (IceCv)
  42 redbacks
  6 wargs
  2 harpy simulacra
  13 swamp worms
  A deep troll zombie (Crypt:3)
  A glowing shapeshifter zombie (Crypt:3)
  2 acid dragons
  A hydra simulacrum (IceCv)
  13 hell hounds (Lair:5)
  21 water moccasins
  A two-headed ogre skeleton (Crypt:2)
  3 ice beasts
  13 black bears
  33 orc warriors
  13 swamp drakes
  A sky beast (D:8)
  An ettin simulacrum (IceCv)
  An ice dragon simulacrum (Crypt:2)
  8 ogres
  6 centaurs
  20 wolves
  A boggart (Vaults:2)
  4 phantoms
  9 bullfrogs
  A kobold brigand (D:12)
  A fire crab zombie (Crypt:1)
  A salamander skeleton (Crypt:2)
  An earth elemental (Elf:3)
  A wyvern zombie (Crypt:1)
  7 deep troll simulacra (IceCv)
  3 scorpions
  9 wights (D:8)
  A water moccasin skeleton (Crypt:2)
  10 killer bees
  3 lindwurm simulacra (IceCv)
  A polar bear skeleton (Crypt:2)
  4 electric eels
  3 howler monkeys
  A human simulacrum (Vaults:1)
  A jelly (D:5)
  7 orc priests
  13 hell rats
  A scorpion zombie (Crypt:1)
  3 sleepcaps
  5 iguanas
  16 orc wizards
  2 naga skeletons
  12 mummies
  3 gnolls (D:6)
  A steam dragon zombie (Crypt:1)
  8 adders
  9 river rats
  A shadow imp (D:8)
  2 white imps
  2 ufetubi
  4 worms
  6 dart slugs
  75 orcs
  6 bats
  10 endoplasms
  5 giant cockroaches
  36 goblins
  25 hobgoblins
  4 quokkas
  9 ball pythons
  2 frilled lizards
  19 kobolds
  A kobold zombie (Crypt:2)
  A quokka zombie (Crypt:2)
  19 rats
  8 foxfires
  A spectral weapon (Elf:2)
2154 creatures vanquished.

Vanquished Creatures (others)
  A peacekeeper (Vaults:2)
  A deep elf zephyrmancer (Elf:2)
  A bloated husk (Swamp:1)
  A meliai (Spider:4)
  A jumping spider (Spider:4)
  A culicivora (Spider:4)
  An orc warrior (Bailey)
  2 orc wizards
  A dart slug (D:7)
  A jackal zombie (Crypt:3)
  34 foxfires
45 creatures vanquished.

Grand Total: 2199 creatures vanquished

Notes
Turn   | Place    | Note
-------+----------+-------------------------------------------
     0 | D:1      | Ahpoh the Barachi Fighter began the quest for the Orb.
     0 | D:1      | Reached XP level 1. HP: 18/18 MP: 1/1
   157 | D:1      | Reached XP level 2. HP: 25/25 MP: 2/2
   310 | D:1      | Found Jedwabre's Antique Armour Shop.
   637 | D:1      | Reached XP level 3. HP: 30/30 MP: 3/3
  1196 | D:2      | Reached XP level 4. HP: 32/37 MP: 4/4
  1393 | D:2      | Found a shimmering altar of Xom.
  1436 | D:2      | Reached skill level 1 in Dodging
  1982 | D:3      | Reached XP level 5. HP: 31/42 MP: 5/5
  2490 | D:4      | Noticed a water moccasin
  2509 | D:4      | Killed a water moccasin
  2510 | D:4      | Reached skill level 5 in Long Blades
  2510 | D:4      | Reached XP level 6. HP: 25/49 MP: 6/6
  2684 | D:4      | Found a staircase to the Ecumenical Temple.
  2728 | D:4      | Reached skill level 4 in Shields
  2758 | Temple   | Entered the Ecumenical Temple
  2791 | Temple   | Became a worshipper of Cheibriados the Contemplative
  2854 | D:4      | Reached skill level 5 in Fighting
  2854 | D:4      | Reached skill level 5 in Armour
  2857 | D:4      | Reached XP level 7. HP: 55/56 MP: 7/7
  3116 | D:4      | Noticed Grinder
  3120 | D:4      | Killed Grinder
  3121 | D:4      | Reached skill level 1 in Evocations
  3341 | D:5      | Entered Level 5 of the Dungeon
  3350 | D:5      | Reached * piety under Cheibriados
  3396 | D:5      | Reached XP level 8. HP: 63/63 MP: 8/8
  3903 | D:5      | Identified 2 scrolls of acquirement
  3905 | D:5      | Acquired the +3 pair of mountain boots {steadfast, rC+}
  3905 | D:5      | Found the +3 pair of mountain boots {steadfast, rC+}
  3919 | D:5      | Acquired a manual of Dodging
  4087 | D:5      | Reached skill level 5 in Shields
  4986 | D:6      | Noticed a wraith
  4998 | D:6      | Killed a wraith
  5115 | D:6      | Reached XP level 9. HP: 63/69 MP: 9/9
  5242 | D:6      | Reached ** piety under Cheibriados
  5504 | D:6      | Reached *** piety under Cheibriados
  6030 | D:6      | Found a runed translucent gate.
  6030 | D:6      | Found a runed translucent gate.
  6030 | D:6      | Found a runed translucent gate.
  6031 | D:6      | Noticed arthad's ghost (novice GrEE)
  6032 | D:6      | Noticed a kobold demonologist
  7082 | D:8      | Reached skill level 10 in Long Blades
  7095 | D:8      | Reached **** piety under Cheibriados
  7119 | D:8      | Found a shadowy altar of Dithmenos.
  7170 | D:8      | Found a flagged portal.
  7199 | Bailey   | Entered a bailey
  7268 | Bailey   | Reached skill level 5 in Dodging
  7488 | Bailey   | Noticed an orc knight
  7515 | Bailey   | HP: 4/108 [orc knight/+0 glaive (5)]
  7516 | Bailey   | Killed an orc knight
  7783 | Bailey   | Identified the +7 plate armour "Folatw Amad" {rPois rN+
                  | Int+4}
  8236 | D:8      | Reached XP level 10. HP: 67/79 MP: 10/10
  8239 | D:8      | Reached skill level 6 in Shields
  8240 | D:8      | Reached ***** piety under Cheibriados
  8396 | D:8      | Found a staircase to the Lair.
  8570 | D:8      | Reached skill level 1 in Invocations
  8863 | D:8      | Noticed a moth of wrath
  8866 | D:8      | Found a bloodstained altar of Trog.
  8893 | D:8      | Killed a moth of wrath
  8995 | D:9      | Found a white marble altar of Elyvilon.
  9190 | D:9      | Noticed a two-headed ogre
  9227 | D:9      | Killed a two-headed ogre
  9414 | D:9      | Reached XP level 11. HP: 87/87 MP: 11/13
  9539 | D:9      | Found a sparkling altar of Nemelex Xobeh.
  9638 | D:9      | Noticed a two-headed ogre
  9657 | D:9      | Killed a two-headed ogre
  9862 | D:10     | Entered Level 10 of the Dungeon
  9917 | D:10     | Reached skill level 10 in Armour
 10145 | D:10     | Reached ****** piety under Cheibriados
 11365 | D:11     | Noticed a lindwurm
 11369 | D:11     | Noticed a lindwurm
 11369 | D:11     | Noticed a lindwurm
 11539 | D:11     | Found a staircase to the Orcish Mines.
 11786 | D:11     | Noticed a lindwurm
 11840 | D:11     | Killed a lindwurm
 11841 | D:11     | Reached skill level 1 in Throwing
 12063 | D:12     | Noticed a war gargoyle
 12113 | D:12     | Killed a war gargoyle
 12122 | D:12     | Reached XP level 12. HP: 93/96 MP: 15/15
 12344 | D:12     | Noticed a soul eater
 12349 | D:12     | Noticed a sun demon
 12656 | D:12     | Reached skill level 7 in Shields
 12842 | D:12     | Noticed a two-headed ogre
 12851 | D:12     | Killed a two-headed ogre
 12911 | D:12     | Found a shimmering blue altar of Sif Muna.
 12986 | D:13     | Noticed a tengu warrior
 12996 | D:13     | Killed a tengu warrior
 12997 | D:13     | Reached skill level 10 in Fighting
 13056 | D:13     | Noticed a centaur warrior
 13144 | D:13     | Identified the +5 short sword of Laorurui {flame, rN+ Int+2
                  | Stlth-}
 13304 | D:13     | Noticed Urug
 13317 | D:13     | Killed Urug
 13351 | D:13     | Noticed a boulder beetle
 13380 | D:13     | Killed a boulder beetle
 13381 | D:13     | Reached skill level 10 in Dodging
 13381 | D:13     | Reached skill level 8 in Shields
 13830 | D:14     | Noticed a boulder beetle
 13888 | D:14     | Killed a boulder beetle
 13889 | D:14     | Found a gate to the Vaults.
 13889 | D:14     | Noticed a yaktaur captain
 14460 | D:14     | Noticed Kirke
 14486 | D:14     | Noticed a sphinx
 14610 | D:14     | Reached skill level 5 in Invocations
 14647 | D:14     | Noticed Josephine
 14666 | D:14     | Killed Josephine
 14686 | D:14     | Gained mutation: You can hop long distances. [Barachi
                  | growth]
 14686 | D:14     | Reached XP level 13. HP: 99/104 MP: 16/16
 14698 | D:14     | Reached skill level 9 in Shields
 15060 | D:14     | Noticed Roxanne
 15082 | D:14     | HP: 4/104 [Roxanne/crystal spear (44)]
 15380 | D:14     | Noticed Nessos
 15392 | D:14     | Nessos changed into Nessos the queen bee
 15392 | D:14     | Noticed Nessos
 15396 | D:14     | Killed Nessos the queen bee
 15590 | D:14     | Killed Kirke
 15622 | D:14     | Killed a yaktaur captain
 15630 | D:14     | Reached skill level 10 in Shields
 16513 | D:15     | Entered Level 15 of the Dungeon
 16818 | Lair:1   | Entered Level 1 of the Lair of Beasts
 18408 | Lair:2   | Found a hole to the Spider Nest.
 18436 | Lair:2   | Reached skill level 15 in Long Blades
 18436 | Lair:2   | Reached skill level 11 in Shields
 18684 | Lair:2   | Reached XP level 14. HP: 113/113 MP: 18/18
 18697 | Lair:2   | Found a staircase to the Swamp.
 19069 | Lair:3   | Found an ornate altar of the Wu Jian Council.
 19070 | Lair:3   | Found a hide-covered altar of Uskayaw.
 19225 | Lair:3   | Noticed Nergalle
 19238 | Lair:3   | Killed Nergalle
 19300 | Lair:3   | Acquired the +1 cloak of Reasonable Freedom {Str+3}
 20008 | Lair:4   | Reached skill level 12 in Shields
 20259 | Lair:4   | Gained mutation: Your mind is acute. (Int +4, Str/Dex -1)
                  | [potion of mutation]
 20259 | Lair:4   | Gained mutation: You are partially covered in iridescent
                  | scales. (AC +2) [potion of mutation]
 20386 | Lair:4   | Reached skill level 1 in Shapeshifting
 20761 | Lair:5   | Entered Level 5 of the Lair of Beasts
 20985 | Lair:5   | Found a runed translucent door.
 20986 | Lair:5   | Noticed wireframewife's ghost (journeyman BaIE)
 21011 | Lair:5   | Killed wireframewife's ghost
 21588 | Lair:5   | Reached XP level 15. HP: 81/122 MP: 20/20
 21596 | Lair:5   | Reached skill level 13 in Shields
 22607 | Lair:5   | Reached skill level 14 in Shields
 23058 | Lair:5   | Found a staircase to the Slime Pits.
 23343 | Spider:1 | Entered Level 1 of the Spider Nest
 23363 | Spider:1 | Noticed Louise
 23419 | Spider:1 | Killed Louise
 23571 | Spider:1 | Reached skill level 5 in Shapeshifting
 24984 | Spider:2 | Reached skill level 15 in Shields
 24997 | Spider:2 | Killed a ghost moth
 24998 | Spider:2 | Reached XP level 16. HP: 109/131 MP: 0/21
 25679 | Spider:3 | Noticed Arachne
 26473 | Spider:2 | Gained mutation: You occasionally shout uncontrollably at
                  | your foes. [mutagenic glow]
 26493 | Spider:2 | Gained mutation: You are vulnerable to cold. (rC-)
                  | [mutagenic glow]
 26497 | Spider:2 | Gained mutation: Your body sometimes deteriorates upon
                  | taking damage. [mutagenic glow]
 26549 | Spider:2 | Lost mutation: Your mind is acute. (Int +4, Str/Dex -1)
                  | [potion of mutation]
 26549 | Spider:2 | Lost mutation: Your body sometimes deteriorates upon taking
                  | damage. [potion of mutation]
 26549 | Spider:2 | Gained mutation: Your spells are a little harder to cast,
                  | but a little more powerful. [potion of mutation]
 26550 | Spider:2 | Lost mutation: Your spells are a little harder to cast, but
                  | a little more powerful. [potion of mutation]
 26550 | Spider:2 | Lost mutation: You are partially covered in iridescent
                  | scales. (AC +2) [potion of mutation]
 26550 | Spider:2 | Lost mutation: You are vulnerable to cold. (rC-) [potion of
                  | mutation]
 26550 | Spider:2 | Gained mutation: Armour fits poorly on your strangely
                  | shaped body. [potion of mutation]
 26550 | Spider:2 | Gained mutation: You are robust. (+10% HP) [potion of
                  | mutation]
 26842 | Spider:3 | Killed Arachne
 27200 | Spider:2 | Reached skill level 16 in Shields
 27352 | Spider:3 | Noticed Agnes
 27379 | Spider:3 | Killed Agnes
 27842 | Spider:4 | Entered Level 4 of the Spider Nest
 28591 | Spider:4 | Reached XP level 17. HP: 96/154 MP: 0/23
 28981 | Spider:4 | Reached skill level 17 in Shields
 29134 | Spider:4 | Got a gossamer rune of Zot
 29583 | Spider:4 | Found a runed translucent gate.
 29584 | Spider:4 | Found a runed translucent gate.
 29585 | Spider:4 | Found a runed translucent gate.
 29587 | Spider:4 | Noticed arthad's ghost (adept MiFi)
 30045 | Spider:4 | Lost mutation: You occasionally shout uncontrollably at
                  | your foes. [potion of mutation]
 30045 | Spider:4 | Lost mutation: Armour fits poorly on your strangely shaped
                  | body. [potion of mutation]
 30045 | Spider:4 | Gained mutation: You have a pair of small antennae on your
                  | head. [potion of mutation]
 30045 | Spider:4 | Gained mutation: You passively map a small area around you.
                  | [potion of mutation]
 30064 | Spider:4 | Gained mutation: You occasionally shout uncontrollably at
                  | your foes. [mutagenic glow]
 30070 | Spider:4 | Gained mutation: Armour fits poorly on your strangely
                  | shaped body. [mutagenic glow]
 30137 | Spider:4 | Killed arthad's ghost
 30209 | Spider:4 | Reached skill level 5 in Throwing
 30243 | Spider:4 | Identified the +1 cloak "Oxuoradot" {*Corrode rN+ Stlth+}
 30294 | Spider:4 | Lost mutation: You are robust. (+10% HP) [potion of
                  | mutation]
 30294 | Spider:4 | Lost mutation: You occasionally shout uncontrollably at
                  | your foes. [potion of mutation]
 30294 | Spider:4 | Lost mutation: You passively map a small area around you.
                  | [potion of mutation]
 30294 | Spider:4 | Gained mutation: You occasionally lose the ability to read
                  | scrolls when taking damage. [potion of mutation]
 30294 | Spider:4 | Gained mutation: You are agile. (Dex +4, Str/Int -1)
                  | [potion of mutation]
 30443 | Swamp:1  | Entered Level 1 of the Swamp
 30860 | Swamp:1  | Found a sacrificial altar of Ru.
 31197 | Swamp:1  | Identified the serpent talisman "Omudyuzxa" {rF+}
 31197 | Swamp:1  | Noticed Aizul
 31217 | Swamp:1  | Killed Aizul
 31941 | Swamp:2  | Reached skill level 15 in Fighting
 32019 | Swamp:2  | Noticed Frances
 32030 | Swamp:2  | Killed Frances
 32031 | Swamp:2  | Reached skill level 18 in Shields
 32467 | Swamp:3  | Reached skill level 15 in Armour
 32467 | Swamp:3  | Reached XP level 18. HP: 149/149 MP: 24/24
 32505 | Swamp:3  | Identified the +0 dagger of Doors {antimagic, Drain rPois
                  | rN+ Str+3}
 32875 | Swamp:4  | Entered Level 4 of the Swamp
 33363 | Swamp:4  | Paralysed by a hornet for 3 turns
 33803 | Swamp:4  | Noticed a tentacled monstrosity
 33825 | Swamp:4  | Killed a tentacled monstrosity
 34198 | Swamp:4  | Got a decaying rune of Zot
 34661 | Orc:1    | Entered Level 1 of the Orcish Mines
 34704 | Orc:2    | Entered Level 2 of the Orcish Mines
 35408 | Orc:2    | Found a staircase to the Elven Halls.
 35524 | Orc:2    | Found Awyk's Antique Armour Shoppe.
 35677 | Orc:2    | Reached skill level 15 in Dodging
 35853 | Orc:2    | Found Lec Muli's Jewellery Shoppe.
 35904 | Orc:2    | Bought the ring "Omaw" {Dex+6 SInv} for 484 gold pieces
 35952 | Orc:2    | Reached skill level 19 in Shields
 35963 | Orc:2    | Found Reys's General Store.
 35983 | Orc:2    | Found Jatuitued's Antique Armour Shop.
 36027 | Orc:2    | Bought a potion of curing for 54 gold pieces
 36060 | Orc:2    | Found Buojy's Magic Scroll Boutique.
 36150 | Vaults:5 | Identified the "Rekloeme"
 36150 | Vaults:5 | Identified the "Hiaqi"
 36150 | Elf:1    | Identified the "Ytigexo"
 36150 | Elf:1    | Entered Level 1 of the Elven Halls
 36491 | Elf:1    | Reached XP level 19. HP: 156/156 MP: 26/26
 36611 | Elf:1    | Paralysed by an air elemental for 1 turns
 36666 | Elf:1    | Paralysed by an air elemental for 1 turns
 36672 | Elf:1    | Paralysed by an air elemental for 1 turns
 36883 | Elf:1    | Identified the +5 chain mail of Hiyk {*Corrode +Inv rElec
                  | Dex+4}
 36926 | Elf:1    | Found Buxel's Armour Emporium.
 37141 | Elf:1    | Paralysed by an air elemental for 1 turns
 37619 | Elf:2    | Lost mutation: You are agile. (Dex +4, Str/Int -1) [potion
                  | of mutation]
 37619 | Elf:2    | Lost mutation: Armour fits poorly on your strangely shaped
                  | body. [potion of mutation]
 37619 | Elf:2    | Lost mutation: You have a pair of small antennae on your
                  | head. [potion of mutation]
 37619 | Elf:2    | Gained mutation: You are strong-willed. (Will+) [potion of
                  | mutation]
 37619 | Elf:2    | Gained mutation: Your magical capacity is low. (-10% MP)
                  | [potion of mutation]
 37619 | Elf:2    | Gained mutation: You have sharp toenails. [potion of
                  | mutation]
 37619 | Elf:2    | Gained mutation: Your flesh is cold resistant. (rC+)
                  | [potion of mutation]
 37651 | Elf:2    | Identified the +10 scale mail of Omission {rF+}
 37772 | Elf:2    | Found a frozen archway.
 37794 | IceCv    | Entered an ice cave
 37945 | IceCv    | Reached skill level 10 in Invocations
 38129 | IceCv    | Noticed an Ice Fiend
 38328 | IceCv    | Killed an Ice Fiend
 38690 | IceCv    | Reached skill level 20 in Shields
 39008 | Elf:2    | Found a runed translucent gate.
 39009 | Elf:2    | Found a runed translucent gate.
 39009 | Elf:2    | Found a runed translucent gate.
 39789 | Elf:3    | Identified the "Onoi"
 39789 | Elf:3    | Entered Level 3 of the Elven Halls
 40328 | Elf:3    | Reached XP level 20. HP: 165/165 MP: 24/24
 40574 | Elf:3    | Identified the amulet "Gikku" {Acrobat Stlth+}
 40585 | Elf:3    | Reached skill level 21 in Shields
 40888 | Elf:3    | Identified the +4 short sword of Ravage {chaos, rC+++ rCorr
                  | Str-3 SInv}
 40956 | Elf:3    | Identified the +6 shortbow of Woav {freeze, Fly rElec rF+++
                  | Dex-2}
 41402 | Vaults:1 | Entered Level 1 of the Vaults
 41715 | Vaults:1 | Noticed Donald
 41742 | Vaults:1 | Killed Donald
 42382 | Vaults:1 | Reached XP level 21. HP: 167/173 MP: 26/26
 43529 | Vaults:2 | Reached skill level 22 in Shields
 43767 | Vaults:2 | Identified the +4 mace of the Hero {venom, *Corrode rElec
                  | Int+3 SInv}
 43915 | Vaults:2 | Reached skill level 10 in Shapeshifting
 45268 | Vaults:3 | Reached XP level 22. HP: 183/183 MP: 27/27
 45607 | Vaults:3 | Found Mooth's Armour Shop.
 45785 | Vaults:3 | Reached skill level 23 in Shields
 46137 | Vaults:3 | Found a staircase to the Crypt.
 46798 | Vaults:3 | Identified the +0 war axe of Grace {freeze, *Noise Fly
                  | rElec rPois}
 47196 | Vaults:4 | Reached skill level 10 in Throwing
 47269 | Vaults:4 | Noticed Xtahua
 47287 | Vaults:4 | Paralysed by Xtahua for 2 turns
 47296 | Vaults:4 | Killed Xtahua
 47696 | Vaults:4 | Reached XP level 23. HP: 173/191 MP: 28/28
 48402 | Vaults:5 | Entered Level 5 of the Vaults
 48414 | Vaults:5 | Reached skill level 24 in Shields
 49078 | Vaults:5 | Identified the ring "Kouseh" {EV+5 Str+2}
 49353 | Vaults:5 | Noticed a dread lich
 49370 | Vaults:4 | Killed a dread lich
 49509 | Vaults:5 | Noticed a golden dragon
 49578 | Vaults:5 | Killed a golden dragon
 49585 | Vaults:5 | Noticed a golden dragon
 50057 | Vaults:5 | Noticed an ancient lich
 50073 | Vaults:5 | Killed an ancient lich
 50086 | Vaults:5 | Noticed a golden dragon
 50100 | Vaults:5 | Reached XP level 24. HP: 113/201 MP: 28/28
 50411 | Vaults:5 | Identified the +1 scale mail "Vaigar" {-Cast rF+ rC+ Str+3}
 50420 | Vaults:5 | Identified the +1 pair of gloves "Asivich" {Will++ Str+4
                  | Int-5}
 50625 | Vaults:5 | Identified the ring "Vizxep" {Wiz rPois rN++ Dex+3}
 50733 | Vaults:5 | Identified the +7 arbalest "Gapuim" {flame, *Slow rF++
                  | rCorr Int+3}
 50733 | Vaults:5 | Identified the ring of Culin {Will- MP+9 Str+3 SInv Stlth+}
 50750 | Vaults:5 | Identified the +3 scale mail of the Valley of Death {MP+9}
 50925 | Vaults:5 | Identified the staff "Geat" {Fragile rElec Str-2 Int+4
                  | Dex+4 Air}
 50955 | Vaults:5 | Identified the +0 plate armour of Quantum Leap {Drain Int+5
                  | Dex+4}
 51701 | Vaults:5 | Got a silver rune of Zot
 52015 | Crypt:1  | Entered Level 1 of the Crypt
 52147 | Crypt:1  | Reached skill level 25 in Shields
 52283 | Crypt:1  | Paralysed by a vampire knight for 5 turns
 53624 | Crypt:3  | Entered Level 3 of the Crypt
 54299 | Crypt:3  | Found a staircase to the Tomb.
 54422 | Crypt:3  | Found a basalt altar of Yredelemnul.
 54763 | Crypt:3  | Found the +8 demon blade "Leech" {evervamp, Harm Drain rN+}
 55335 | Tomb:1   | Entered Level 1 of the Tomb of the Ancients
 55561 | Tomb:1   | Reached XP level 25. HP: 203/210 MP: 29/29
 55804 | Tomb:1   | Identified the +10 plate armour of Umir Puu {Harm Dex+4}
 56571 | Tomb:1   | Noticed a royal mummy
 56649 | Tomb:1   | Reached skill level 26 in Shields
 57613 | D:15     | Found a staircase to the Depths.
 57795 | Depths:1 | Entered Level 1 of the Depths
 57849 | Depths:1 | Found a gateway to Hell.
 57857 | Depths:1 | Found Necazoam's Book Shoppe.
 57998 | Depths:1 | Identified the +4 scale mail of Delicate Leaves {Regen+
                  | Dex+2}
 58033 | Depths:1 | Found a corrupted altar of Lugonu.
 58033 | Depths:1 | Found a one-way gate to the infinite horrors of the Abyss.
 58090 | Depths:1 | Noticed Asterion
 58105 | Depths:1 | Killed Asterion
 58497 | Depths:1 | Found a blossoming altar of Fedhas.
 58770 | Depths:2 | Identified the +6 rapier of Infinite Pain {holy, *Noise
                  | +Blink Dex+6}
 59322 | Depths:2 | Identified the ring "Buly" {*Corrode rPois rN+ Dex+3}
 59649 | Depths:2 | Noticed Saint Roka
 59659 | Depths:2 | Killed Saint Roka
 60047 | Depths:2 | Identified the +0 hand axe "Caxourgh" {freeze, Str+3
                  | Stlth+}
 60132 | Depths:2 | Found a one-way gate leading to the halls of Pandemonium.
 60235 | Depths:3 | Found a one-way gateway to a ziggurat.
 60351 | Depths:3 | Identified the +8 halberd of Resourcefulness {vamp, Int+3}
 60384 | Depths:3 | Killed from afar by a living spell

Illustrated notes

Levels and vault maps discovered:
D:1:      dpeg_arrival_shelter, layout_loops_corners, serial_shops, shop,
          minmay_tripent
D:2:      layout_rooms, basic_altar, minmay_gold_behind_fungi
D:3:      layout_basic, feat_on_display
D:4:      layout_rooms, minmay_temple_entry_drinking_statues, uniq_grinder
D:5:      layout_basic, serial_corexii_hall, corexii_hall_statues_i,
          chequers_hall_statues_corner_a, corexii_hall_statues_s,
          corexii_hall_statues_i, hangedman_decor_slide_cut, nicolae_the_louvre
D:6:      minmay_goblin_kobold_castle, layout_cave_pools,
          gammafunk_ghost_nasty_kobolds
D:7:      kennysheep_slugbush, layout_gridville, hangedman_decor_clover_reticule
D:8:      layout_layer_cave, tgw_trog, lemuel_crystal_altar,
          david_lair_shrubbed, enter_bailey_4
D:9:      layout_long_grid, kennysheep_mini_moat, mainiacjoe_overflow_alcove_4
D:10:     layout_small_grid
D:11:     layout_basic, orc_0_dummy, minmay_lindwurm_lava
D:12:     gargoyle_guard, layout_long_grid, minmay_misc_feat_x, led_sif_pool
D:13:     layout_stronghold, uniq_urug
D:14:     layout_stronghold, david_vaults_2, chequers_serial_rivers_micro_b,
          minivault_14, uniq_josephine, uniq_roxanne, uniq_kirke, uniq_nessos
D:15:     hellmonk_depths_entry_around_the_bend, layout_cave_pools,
          minmay_misc_feat_square
Temple:   dpeg_five_rooms_temple
Lair:1:   layout_regular_city, st_stairs_9, kennysheep_abandoned_house
Lair:2:   layout_roguey, minmay_swamp_entry_worms, spider_nest_entry_webs
Lair:3:   layout_chaotic_city, dreamdust_mushroom_princess,
          nzn_masters_of_martial_movement, grunt_megastairs_4, uniq_nergalle
Lair:4:   layout_loops_ring, st_stairs_12, kennysheep_rathole,
          infiniplex_staircase_pool_2
Lair:5:   hangedman_lair_caniforms_friends, layout_small_grid,
          hangedman_lair_in_review, minmay_slime_entry_oklob_enclosed,
          gammafunk_ghost_grave
Swamp:1:  layout_basic_swamp, lemuel_altar_in_water, infiniplex_staircase_pool,
          uniq_aizul
Swamp:2:  layout_basic_swamp, hangedman_swamp_ruin_hall, swamp_pool1,
          nicolae_swamp_catching_bugs, uniq_frances
Swamp:3:  layout_falls_marsh, evilmike_swamp_ruin_house_5
Swamp:4:  swamp_alternative, layout_basic_swamp
Spider:1: layout_cave_pods, uniq_louise
Spider:2: layout_spider_delve, nicolae_spider_swamp_cousins
Spider:3: layout_spider_delve, nicolae_arachne_temple, uniq_arachne, uniq_agnes
Spider:4: floodkiller_spider_rune_tomb, gammafunk_ghost_tricky_traps
Orc:1:    layout_caves
Orc:2:    hellmonk_orc_salted, layout_diamond_mine, serial_shops, shop
Elf:1:    nicolae_elf_arrival_no_cutting_in_line, layout_onion_city,
          serial_shops, shop, minmay_elf_sorcery,
          serial_sigils_hangedman_confine, minivault_27
Elf:2:    nicolae_elf_blades_crystal_corner, layout_gridlike,
          portal_ice_cave_entry_ice_statue_one, hangedman_elf_targeted_burst,
          lemuel_upstairs_altar
Elf:3:    grunt_elf_hall_asides, layout_loops_ring
Vaults:1: grunt_vaults_swirl, ontoclasm_vaults_gallery, nicolae_vaults_arrows,
          ontoclasm_vaults_ring_square, ontoclasm_vaults_spin,
          hangedman_vaults_nails, nicolae_vaults_network_quinsquares
          [nicolae_vaults_network_quincunx_subvault,
          nicolae_vaults_network_quincunx_subvault,
          nicolae_vaults_network_quincunx_subvault,
          nicolae_vaults_network_quincunx_subvault],
          nicolae_vaults_closet_pinwheel_2, nicolae_vaults_lightning_bolt,
          nicolae_vaults_little_ls, v_misc_22, nicolae_vaults_cochlea,
          vaults_dpeg_hooks, layout_vaults_maze, uniq_donald
Vaults:2: vaults_mumra_lcd, nicolae_vaults_closet_pinwheel_3,
          grunt_vaults_funneled_arena, nicolae_vaults_heart-shaped_vault,
          nicolae_vaults_double_plus_3, nicolae_vaults_heart-shaped_vault,
          nicolae_vaults_steering_wheel, nicolae_vaults_weapon_check,
          nicolae_vaults_closet_pinwheel_1, nicolae_vaults_tangram_1,
          layout_vaults_big_cross
Vaults:3: nicolae_vaults_tetromino_L_2, minmay_crypt_entry_simple_corners,
          nicolae_vaults_what_the_h, vaults_room_guarded_vault,
          nicolae_vaults_taking_the_gang_shopping, layout_vaults_omnigrid
Vaults:4: nicolae_vaults_cornered_office, nicolae_vaults_door_testing_chamber,
          vaults_standard_mumra_enter_the_diamond,
          nicolae_vaults_an_arrangement, nicolae_vaults_doubleplus_tesselated,
          hangedman_vaults_pinch, ontoclasm_vaults_gateway, vaults_dpeg_ring,
          grunt_vaults_focal, nicolae_vaults_mini_display_case,
          ontoclasm_vaults_claustrophobia, v_misc_17, layout_vaults_omnibox,
          uniq_xtahua
Vaults:5: serial_shops
Crypt:1:  layout_basic, grunt_crypt_arrival_guarded_gate
Crypt:2:  layout_catacombs
Crypt:3:  church_of_pain_bobbens, layout_chaotic_city, tomb_entry_shell_bobbens
Tomb:1
Depths:1: layout_cave_pools, hell_entry, abyss_entry_flame_altar, serial_shops,
          shop, fedhas_altar_fruit_tree, kennysheep_inner_square, uniq_asterion
Depths:2: hangedman_crystal_crosses_colossus [crystal_crosses_arms_four,
          crystal_crosses_arms_two, crystal_crosses_arms_two,
          crystal_crosses_arms_one], pan_entry, abyss_entry, hell_entry,
          uniq_saint_roka, uniq_josephina
Depths:3: minmay_the_grid_triangle_9x9_rhombus_thin_mashed
          [minmay_the_grid_triangle_9x9_cache,
          minmay_the_grid_triangle_9x9_prize_insulated,
          minmay_the_grid_triangle_9x9_steps,
          minmay_the_grid_triangle_9x9_descending_squares], layout_cross,
          enter_ziggurat_b, abyss_entry, moated_statue,
          hangedman_tar_grid_catacomb

Skill      XL: |  1  2  3  4  5  6  7  8  9 10 11 12 13 14 15 16 17 18 19 20 21 22 23 24 25 |
---------------+----------------------------------------------------------------------------+-----
Long Blades    | 3 4 5 6 7 9 11 12 14 15 16 17 18 19 20 21 | 21.6
Fighting       | 4 5 6 7 8 9 10 11 12 13 14 15 16 17 18 19 20 | 20.4
Armour         | 4 5 6 8 9 10 12 13 14 15 16 17 18 | 18.9
Dodging        | 1 2 4 5 7 8 10 11 12 13 14 15 16 17 18 | 18.2
Shields        | 4 5 6 8 11 12 15 16 18 19 20 21 22 23 24 25 26 | 26.7
Evocations     | 1 2 |  2.1
Invocations    | 2 4 5 6 7 8 9 10 11 12 13 | 13.1
Throwing       | 2 3 4 5 7 8 9 10 11 12 | 12.1
Shapeshifting  | 4 5 6 7 8 9 10 11 12 | 12.6
Maces & Flails | |  0.3
Stealth        | |  0.2
Summonings     | |  0.7
Air Magic      | |  0.6

Action                     |  1- 3 |  4- 6 |  7- 9 | 10-12 | 13-15 | 16-18 | 19-21 | 22-24 | 25-27 || total
---------------------------+-------+-------+-------+-------+-------+-------+-------+-------+-------++-------
  Melee: Long sword        |    83 |   205 |   368 |       |       |       |       |       |       ||   656
         Scimitar          |       |       |    67 |   480 |  1373 |  1648 |  1394 |   629 |       ||  5591
         Short sword       |       |       |       |       |    43 |     7 |       |       |       ||    50
         Demon blade       |       |       |       |       |       |       |       |  1049 |   590 ||  1639
   Fire: Heavy crossbow    |       |       |       |       |       |       |       |     1 |       ||     1
  Throw: Boomerang         |       |       |       |    89 |    42 |   199 |    53 |    49 |       ||   432
         Javelin           |       |       |       |       |       |    15 |     8 |       |    31 ||    54
 Invoke: Slouch            |       |       |       |     2 |     4 |    18 |    17 |    16 |     6 ||    63
         Temporal Distorti |       |       |       |     1 |       |     2 |       |       |       ||     3
         Bend Time         |       |       |       |       |       |       |       |     1 |       ||     1
         Step From Time    |       |       |       |       |       |       |       |       |     2 ||     2
Ability: Hop               |       |     1 |     3 |     5 |    13 |    15 |     7 |     6 |     3 ||    53
         Begin Untransform |       |       |       |       |     1 |       |       |       |       ||     1
  Evoke: Wand              |       |     8 |     9 |     7 |     5 |    13 |       |     5 |     2 ||    49
         Condenser vane    |       |       |       |       |       |       |       |     1 |       ||     1
         Lightning rod     |       |       |       |       |       |       |       |     2 |       ||     2
    Use: Scroll            |     1 |       |     9 |    12 |    17 |    10 |     7 |    12 |     5 ||    73
         Potion            |       |       |     6 |     1 |     2 |    12 |     3 |     9 |     4 ||    37
   Stab: Distracted        |       |       |       |       |       |     2 |       |       |       ||     2
         Confused          |       |       |       |       |       |     4 |       |       |       ||     4
 Armour: Scale mail        |    61 |   166 |       |       |       |       |       |       |       ||   227
         Chain mail        |       |       |   450 |       |       |       |       |       |       ||   450
         Skin              |       |       |    11 |    17 |       |       |       |       |       ||    28
         Plate armour      |       |       |     6 |   239 |   485 |   700 |   302 |   356 |   119 ||  2207
  Dodge: Dodged            |    33 |   111 |   304 |   214 |   821 |  1238 |   671 |  1062 |   281 ||  4735
  Block: Buckler           |    17 |    45 |   172 |       |       |       |       |       |       ||   234
         Tower shield      |       |       |    10 |   544 |  1912 |  2470 |  2039 |  2393 |   695 || 10063
         Form:             |       |       |       |       |     1 |     1 |       |       |       ||     2
         Maw               |       |       |       |       |     1 |       |       |       |       ||     1
         Death             |       |       |       |       |     1 |     1 |       |       |       ||     2

Table legend: (Time is in decaauts)
 A = Elapsed time spent in this place.
 B = Non-inter-level travel time spent in this place.
 C = Inter-level travel time spent in this place.
 D = Time resting spent in this place.
 E = Time spent auto-exploring this place.
 F = Levels seen in this place.
 G = Mean time per level.
                   A        B        C        D        E       F      G
               +--------+--------+--------+--------+--------+-----+--------+
         Total |  97201 |  92160 |   5041 |  12785 |  51908 |  48 | 2025.0 |
       Dungeon |  26373 |  24523 |   1850 |   3778 |  13965 |  15 | 1758.2 |
        Temple |     85 |      3 |     82 |      0 |      0 |   1 |   85.0 |
          Lair |  11425 |  10909 |    516 |   1168 |   6863 |   5 | 2285.0 |
         Swamp |   6351 |   6122 |    229 |    849 |   3858 |   4 | 1587.8 |
   Spider Nest |  10316 |   9773 |    543 |   2681 |   3962 |   4 | 2579.0 |
  Orcish Mines |   2732 |   2633 |     99 |    164 |   1541 |   2 | 1366.0 |
   Elven Halls |   7199 |   6961 |    238 |    560 |   4122 |   3 | 2399.7 |
        Vaults |  17367 |  16232 |   1135 |   1962 |  10123 |   5 | 3473.4 |
         Crypt |   6135 |   5847 |    288 |    275 |   3881 |   3 | 2045.0 |
          Tomb |   2452 |   2451 |      1 |    682 |    248 |   1 | 2452.0 |
        Depths |   4082 |   4025 |     57 |    220 |   2491 |   3 | 1360.7 |
        Bailey |   1109 |   1109 |      0 |    217 |    120 |   1 | 1109.0 |
      Ice Cave |   1570 |   1570 |      0 |    227 |    730 |   1 | 1570.0 |
               +--------+--------+--------+--------+--------+-----+--------+

Top non-repeatable levels by time:
Vaults:5: 3987 daAuts
  Lair:5: 3749 daAuts
    D:14: 3704 daAuts
Vaults:4: 3620 daAuts
Vaults:2: 3503 daAuts
Spider:2: 3379 daAuts
Vaults:1: 3295 daAuts
Spider:4: 3156 daAuts
Vaults:3: 2960 daAuts
 Crypt:3: 2854 daAuts
   Elf:1: 2844 daAuts
    D:11: 2588 daAuts
   Elf:3: 2483 daAuts
  Tomb:1: 2452 daAuts
     D:8: 2437 daAuts
